 Dungeon Crawl Stone Soup version 0.27-a0-1273-gec92ba881d (webtiles) character file.

Game seed: 18047725448535141762

1255 bobarctor the Thaumaturge (level 8, -7/43 HPs)
             Began as a Deep Elf Necromancer on June 11, 2021.
             Mangled by a mummy (16 damage)
             ... in an ossuary.
             The game lasted 00:24:15 (8365 turns).

bobarctor the Thaumaturge (Deep Elf Necromancer)    Turns: 8365, Time: 00:24:16

Health: -7/43      AC:  5    Str:  5    XL:     8   Next: 26%
Magic:  24/24      EV: 13    Int: 23    God:
Gold:   773        SH:  0    Dex: 21    Spells: 10/27 levels left

rFire    . . .     SeeInvis .   B - +3 mace (elec)
rCold    . . .     Faith    .   (no shield)
rNeg     . . .     Spirit   .   a - +0 robe
rPois    +         Reflect  .   (no helmet)
rElec    .         Harm     .   A - +2 cloak {rPois}
rCorr    .         Rampage  .   (no gloves)
Will     .....                  (no boots)
Stlth    +++.......             (no amulet)
HPRegen  0.14/turn              k - +6 ring of dexterity
MPRegen  0.19/turn              (no ring)

@: marked
A: no striking features
a: no special abilities


You were in an ossuary.
You visited 1 branch of the dungeon, and saw 6 of its levels.
You also visited: Ossuary.

You collected 1034 gold pieces.
You spent 261 gold pieces at shops.

Inventory:

Hand Weapons
 c - a +0 dagger
 m - a +0 rapier
 y - a +4 quarterstaff of chaos
 B - a +3 mace of electrocution (weapon)
Missiles
 d - 109 arrows
 e - 143 stones
 g - 18 bolts
 j - 7 boomerangs (quivered)
 l - 43 poisoned darts
Armour
 a - a +0 robe (worn)
 r - a +0 cloak
 A - a +2 cloak of poison resistance (worn)
Jewellery
 k - a +6 ring of dexterity (left hand)
 o - an amulet of reflection
Wands
 i - a wand of flame (28)
 p - a wand of acid (9)
 s - a wand of paralysis (11)
Scrolls
 q - a scroll of fear
 u - 2 scrolls of identify
 w - 3 scrolls of teleportation
 C - a scroll of magic mapping
Potions
 b - 3 potions of degeneration
 f - a potion of might
 h - 2 potions of curing
 n - a potion of magic
 t - a potion of haste
 v - a potion of attraction
 x - a potion of flight {unknown}
 z - a potion of berserk rage {unknown}


   Skills:
 + Level 1.0 Fighting
 + Level 3.0 Dodging
 + Level 3.2 Stealth
 * Level 10.2 Spellcasting
 + Level 7.7 Necromancy
 + Level 2.0 Transmutations
 + Level 2.0 Poison Magic


You had 10 spell levels left.
You knew the following spells:

 Your Spells              Type           Power      Damage    Failure   Level
a - Pain                  Necr           100%       1d9       1%          1
b - Animate Skeleton      Necr           94%        N/A       1%          1
c - Vampiric Draining     Necr           23%        2d9       1%          3
d - Animate Dead          Necr           23%        N/A       2%          4
e - Agony                 Necr           47%        N/A       6%          5
f - Spider Form           Tmut/Pois      10%        N/A       7%          3

Your spell library contained the following spells:

 Spells                   Type           Power      Damage    Failure   Level
 Beastly Appendage        Tmut           42%        N/A       2%          1
 Wereblood                Tmut           21%        N/A       3%          2
 Ice Form                 Ice/Tmut       16%        N/A       34%         4
 Bolt of Magma            Conj/Fire/Erth 5%         4d5       83%         5
 Iskenderun's Battlesphe  Conj           11%        2d7       83%         5
 Iron Shot                Conj/Erth      5%         9d2       100%        6
 Orb of Destruction       Conj           5%         9d2       100%        7
 Spellforged Servitor     Conj/Summ      5%         N/A       100%        7


Dungeon Overview and Level Annotations

Branches:
Dungeon (6/15)            Ossuary (1/1)
 Temple: D:4-7

Altars:
Elyvilon
Nemelex Xobeh
Sif Muna
Trog
Uskayaw
Wu Jian

Shops:
D:6 ?

Annotations:
D:5 Grinder


Message History

Found five items.
The mummy pulls the alarm!
The alarm trap emits a blaring wail!
A sentinel's mark forms upon you.
Unknown command.
There is an open door here.
You start waiting.
A mummy is nearby!
Throw: 7 boomerangs
Press: ? - help, Q - select action, (/) - cycle Shift-Dir - straight line, f - mummy
Aim: a mummy (76% to hit)
You throw a boomerang.
The boomerang hits the mummy but does no damage.
Throw: 7 boomerangs
Press: ? - help, Q - select action, (/) - cycle Shift-Dir - straight line, f/p - mummy
Aim: a mummy (76% to hit)
You throw a boomerang. The boomerang closely misses the mummy.
Throw: 7 boomerangs
Press: ? - help, Q - select action, (/) - cycle Shift-Dir - straight line, f/p - mummy
Aim: a mummy (76% to hit)
You throw a boomerang.
The boomerang hits the mummy but does no damage.
You hit the mummy but do no damage. Lightning courses through the mummy!
The mummy is almost destroyed.
The mummy hits you!
You hit the mummy but do no damage.
The mummy is almost destroyed.
You barely miss the mummy. The mummy hits you!
You hit the mummy but do no damage. The mummy misses you.
You hit the mummy.
The mummy is lightly damaged.
The mummy closely misses you. The mummy hits you.
You barely miss the mummy.
The mummy is lightly damaged.
The mummy hits you!
* * * LOW HITPOINT WARNING * * *
The mummy hits you but does no damage.
As you read the scroll of fear, it crumbles to dust.
You assume a fearsome visage.
The mummy is unaffected. x2; The mummy hits you!
You die...

##..^...M###..###
#.........#...'.#
+....⌠....'...###
#..^......#...'.#
##^..^...###..###
##.....## ##.'.#
###'### #.### #.#
##M## ##.## #@M.#
#.∩.# #...# #.∩.#
##### #####


You could see 2 mummies.

Vanquished Creatures
  A sky beast (D:5)
  2 black bears (D:5)
  3 necrophages
  A gnoll sergeant (D:4)
  2 scorpions (D:5)
  A water moccasin skeleton (D:5)
  3 hounds (D:5)
  A centaur skeleton (D:5)
  3 iguanas
  Crazy Yiuf (D:4)
  A hound skeleton (D:4)
  A howler monkey zombie (D:5)
  11 adders
  5 gnolls (D:4)
  2 howler monkey skeletons
  3 worms (D:2)
  3 dart slugs
  9 orcs
  9 ball pythons
  6 endoplasms
  2 giant cockroaches
  4 goblins
  5 hobgoblins
  3 jackals (D:4)
  2 quokkas
  5 bats
  3 frilled lizards
  2 gnoll zombies (Ossuary)
  3 kobolds
  A kobold zombie (Ossuary)
  An orc zombie (Ossuary)
  8 rats
107 creatures vanquished.

Notes
Turn   | Place    | Note
-------+----------+-------------------------------------------
     0 | D:1      | bobarctor the Deep Elf Necromancer began the quest for the
                  | Orb.
     0 | D:1      | Reached XP level 1. HP: 10/10 MP: 6/6
   107 | D:1      | Reached skill level 5 in Necromancy
   427 | D:1      | Reached XP level 2. HP: 11/15 MP: 4/8
   495 | D:1      | Learned a level 1 spell: Animate Skeleton
  1536 | D:2      | Reached skill level 4 in Spellcasting
  1588 | D:2      | Reached XP level 3. HP: 18/19 MP: 7/10
  1593 | D:2      | Learned a level 3 spell: Vampiric Draining
  2301 | D:2      | Reached XP level 4. HP: 22/24 MP: 8/12
  2306 | D:2      | Learned a level 4 spell: Animate Dead
  2673 | D:3      | Found a shimmering blue altar of Sif Muna.
  2680 | D:3      | Found a faded altar of an unknown god.
  2803 | D:3      | You fall into a shaft and drop 2 floors!
  2803 | D:5      | Entered Level 5 of the Dungeon
  2804 | D:5      | Noticed a scorpion
  2818 | D:5      | Reached skill level 5 in Spellcasting
  2999 | D:4      | Reached XP level 5. HP: 26/28 MP: 6/14
  3018 | D:4      | Learned a level 5 spell: Agony
  3760 | D:4      | Reached skill level 6 in Spellcasting
  4563 | D:3      | Learned a level 3 spell: Spider Form
  4569 | D:3      | Found a bloodstained altar of Trog.
  4572 | D:3      | Found an ornate altar of the Wu Jian Council.
  5862 | D:4      | Found a sparkling altar of Nemelex Xobeh.
  5866 | D:4      | Found a hide-covered altar of Uskayaw.
  5869 | D:4      | Found a white marble altar of Elyvilon.
  5928 | D:4      | Reached XP level 6. HP: 30/32 MP: 14/17
  5942 | D:4      | Reached skill level 7 in Spellcasting
  6112 | D:4      | Found a runed translucent door.
  6113 | D:4      | Noticed Crazy Yiuf
  6389 | D:4      | Killed Crazy Yiuf
  6501 | D:5      | Reached skill level 1 in Transmutations
  6501 | D:5      | Reached skill level 1 in Poison Magic
  6564 | D:5      | Reached skill level 8 in Spellcasting
  6564 | D:5      | Reached XP level 7. HP: 36/36 MP: 6/20
  6793 | D:5      | Reached skill level 9 in Spellcasting
  7049 | D:5      | Identified a scroll of acquirement
  7049 | D:5      | Acquired 774 gold pieces
  7232 | D:5      | Noticed Grinder
  7555 | D:5      | Reached XP level 8. HP: 42/42 MP: 15/23
  7583 | D:5      | Reached skill level 1 in Fighting
  7875 | D:6      | Reached skill level 10 in Spellcasting
  8241 | D:6      | Found Owitheji's Magic Scroll Boutique.
  8245 | D:6      | Found a sand-covered staircase.
  8246 | D:6      | Bought a scroll of fear for 52 gold pieces
  8246 | D:6      | Bought a scroll of teleportation for 45 gold pieces
  8246 | D:6      | Bought a scroll of identify for 30 gold pieces
  8246 | D:6      | Bought a scroll of identify for 30 gold pieces
  8246 | D:6      | Bought a scroll of fear for 52 gold pieces
  8246 | D:6      | Bought a scroll of magic mapping for 52 gold pieces
  8254 | Ossuary  | Entered an ossuary
  8365 | Ossuary  | Mangled by a mummy

Illustrated notes

Levels and vault maps discovered:
D:1:      tarquinn_simple_flora_water_d, layout_basic
D:2:      minmay_chambers_of_ones, layout_basic, hex_large, chequers_garden,
          lemuel_old_faithful
D:3:      mumra_celtic_spiral_tile, layout_loops_ring, lemuel_tele_altar,
          jmf_multi_god_temple, gup_sewer_entry_spiral,
          shapermc_ecumenical_altar_venn
D:4:      layout_basic, minitemple, st_stairs_13, dk_vineyard_3,
          uniq_crazy_yiuf_cottage
D:5:      layout_loops_ring, st_stairs_5, uniq_grinder
D:6:      layout_gridville, minmay_temple_entry_mini_moons, enter_ossuary_1,
          serial_shops, nicolae_shop_statue_plus, glass_columns_a,
          due_unseen_surprise
Ossuary:  ossuary_crypta

Skill      XL: |  1  2  3  4  5  6  7  8 |
---------------+-------------------------+-----
Necromancy     | 5 6 7 |  7.7
Spellcasting   | 4 5 6 8 9 10 | 10.2
Transmutations | 1 2 |  2.0
Poison Magic   | 1 2 |  2.0
Stealth        | 3 |  3.2
Fighting       | 1 |  1.0
Dodging        | 3 |  3.0

Action                   |  1- 3 |  4- 6 |  7- 9 || total
-------------------------+-------+-------+-------++-------
Melee: Rapier            |       |    35 |       ||    35
       Quarterstaff      |       |       |    30 ||    30
       Mace              |       |       |    13 ||    13
Throw: Boomerang         |       |       |    13 ||    13
 Cast: Pain              |    62 |    75 |    21 ||   158
       Vampiric Draining |     4 |    22 |    19 ||    45
       Animate Skeleton  |       |       |     1 ||     1
  Use: Scroll            |       |     4 |    11 ||    15
 Stab: Sleeping          |       |     2 |     4 ||     6
Armor: Robe              |     2 |     9 |    12 ||    23
Dodge: Dodged            |     3 |    52 |    27 ||    82

Table legend: (Time is in decaauts)
 A = Elapsed time spent in this place.
 B = Non-inter-level travel time spent in this place.
 C = Inter-level travel time spent in this place.
 D = Time resting spent in this place.
 E = Time spent auto-exploring this place.
 F = Levels seen in this place.
 G = Mean time per level.
                   A        B        C        D        E       F      G
               +--------+--------+--------+--------+--------+-----+--------+
         Total |   8435 |   7961 |    474 |   2336 |   4499 |   7 | 1205.0 |
       Dungeon |   8318 |   7844 |    474 |   2328 |   4499 |   6 | 1386.3 |
       Ossuary |    117 |    117 |      0 |      8 |      0 |   1 |  117.0 |
               +--------+--------+--------+--------+--------+-----+--------+

Top non-repeatable levels by time:
     D:3: 1906 daAuts
     D:4: 1666 daAuts
     D:5: 1583 daAuts
     D:1: 1525 daAuts
     D:2: 1221 daAuts
     D:6: 415 daAuts
 Ossuary: 117 daAuts
